 Dungeon Crawl Stone Soup version 0.24.0-13-gcf9b3192b9 (webtiles) character file.

Game seed: 9099219878757156718, levelgen mode: deterministic

28 sking99 the Chiller (level 3, -2/20 HPs)
             Began as a Kobold Ice Elementalist on Nov 8, 2019.
             Slain by an adder (3 damage)
             ... on level 1 of the Dungeon.
             The game lasted 00:03:13 (1516 turns).

sking99 the Chiller (Kobold Ice Elementalist)       Turns: 1516, Time: 00:03:13

Health: -2/20      AC:  3    Str:  6    XL:     3   Next: 30%
Magic:  3/6        EV: 14    Int: 16    God:
Gold:   39         SH:  0    Dex: 15    Spells: 4/7 levels left

rFire    . . .     SeeInvis .   e - +0 short sword
rCold    . . .     Gourm    .   (shield restricted)
rNeg     . . .     Faith    .   g - +0 leather armour
rPois    .         Spirit   .   (no helmet)
rElec    .         Reflect  .   (no cloak)
rCorr    .         Harm     .   (no gloves)
MR       .....                  (no boots)
Stlth    ++........             (no amulet)
HPRegen  0.06/turn              (no ring)
MPRegen  0.10/turn              (no ring)

@: no status effects
A: small, carnivore
a: no special abilities


You were on level 1 of the Dungeon.
You were very full.

You visited 1 branch of the dungeon, and saw 2 of its levels.

You collected 39 gold pieces.

Inventory:

Hand Weapons
 e - a +0 short sword (weapon)
Armour
 g - a +0 leather armour (worn)
Scrolls
 b - a scroll of enchant armour {unknown}
 d - 3 scrolls of blinking {unknown}
 f - a scroll of magic mapping {unknown}
 h - a scroll of fog {unknown}
Potions
 a - a potion of invisibility {unknown}
Comestibles
 c - 2 rations
 i - 2 chunks of flesh


   Skills:
 + Level 1.0 Fighting
 - Level 2.4 Dodging
 + Level 3.3 Stealth
 + Level 2.5 Spellcasting
 + Level 1.1 Conjurations
 * Level 3.4 Ice Magic


You had 4 spell levels left.
You knew the following spells:

 Your Spells              Type           Power        Failure   Level  Hunger
a - Freeze                Ice            ##..         8%          1    #......
b - Throw Frost           Conj/Ice       #.....       19%         2    ##.....

Your spell library contained the following spells:

 Spells                   Type           Power        Failure   Level  Hunger
 Ozocubu's Armour         Chrm/Ice       #.......     41%         3    ###....
 Throw Icicle             Conj/Ice       #.......     75%         4    #####..
 Summon Ice Beast         Ice/Summ       #.......     83%         4    #####..


Dungeon Overview and Level Annotations

Branches:
Dungeon (2/15)

Altars:


Innate Abilities, Weirdness & Mutations

You are small and have problems with some larger weapons.
You are carnivorous and can eat meat at any time.


Message History

You climb upwards.
There is a stone staircase leading down here.
Casting: Freeze (safe; 8% risk of failure)
Confirm with . or Enter, or press ? or * to list all spells.
Aiming: Freeze (safe; 8% risk of failure)
Press: ? - help, Shift-Dir - straight line, f - adder
Aim: an adder You freeze the adder.
The adder is lightly wounded.
The adder closely misses you.
Casting: Freeze (safe; 8% risk of failure)
Confirm with . or Enter, or press ? or * to list all spells.
Aiming: Freeze (safe; 8% risk of failure)
Press: ? - help, Shift-Dir - straight line, f/p - adder
Aim: an adder (lightly wounded)
You freeze the adder.
The adder is lightly wounded.
The adder seems to slow down.
The adder is no longer moving slowly.
The adder bites you.
You die...

...........#####..#
#.########.# ##...)...#.##
##..###.# #.#
............###.....(.###
#.#
##..................)...#
#.# ##......###.##...###.#.#
#.# ##...#.# #.##...# #.#.#
#(# ##..#.###.##...# #[#.#
#.## #####.............#
#.#.# #...
....#.##........@####.#.####
###.
###.#.#.........S..........#
#.
#.#.....##.##.#####.#.##.#
#. #.#.........#.# #....#.#
#.
#............[#######..#.##
#.
#.#.......#.###...........#
#. #.#.....##..#
#.#####..#..# #.
#.###.#.###.# #.##.....#..#
#. #.#
#....##.###.##.###....# #.


You could see an adder.

Vanquished Creatures
  An adder (D:2)
  2 giant cockroaches
  A goblin (D:1)
  2 hobgoblins (D:1)
  6 bats
  5 kobolds (D:1)
  2 rats (D:1)
19 creatures vanquished.

Notes
Turn   | Place    | Note
-------+----------+-------------------------------------------
     0 | D:1      | sking99 the Kobold Ice Elementalist began the quest for the
                  | Orb.
     0 | D:1      | Reached XP level 1. HP: 10/10 MP: 3/3
   405 | D:1      | Reached XP level 2. HP: 16/16 MP: 0/5
   868 | D:1      | Learned a level 2 spell: Throw Frost
  1268 | D:2      | Noticed a centaur
  1410 | D:2      | Reached skill level 1 in Fighting
  1410 | D:2      | Reached XP level 3. HP: 20/20 MP: 1/6
  1506 | D:2      | HP: 1/20 [centaur (5)]
  1516 | D:1      | Slain by an adder

Levels and vault maps discovered:
D:1:      dpeg_arrival_leaves_temple_mockup, layout_loops_ring
D:2:      layout_basic, nicolae_overflow_hidden_temple, first_ration,
          bh_walls_and_bars

Skill      XL: |  1  2 |
---------------+-------+-----
Stealth        | 3 |  3.3
Fighting       | 1 |  1.0
Dodging        | |  2.4
Spellcasting   | |  2.5
Conjurations   | |  1.1
Ice Magic      | |  3.4

Action                   || total
-------------------------++-------
Melee: Short sword       ||     5
       Unarmed           ||     1
 Cast: Freeze            ||    35
  Eat: Chunk             ||    10
Armor: Robe              ||     2
       Leather armour    ||     1
Dodge: Dodged            ||    36
